 Dungeon Crawl Stone Soup version 0.16-a0-465-g631e55c (webtiles) character file.

2633 PolkaDot the Grappler (level 9, -6/92 HPs)
             Began as a Troll Monk on Sept 16, 2014.
             Killed by divine providence
             ... invoked by an orc priest
              (16 damage)
             ... on Level 8 of the Dungeon.
             The game lasted 00:14:08 (5955 turns).

PolkaDot the Grappler (Troll Monk)                  Turns: 5955, Time: 00:14:09

HP  -6/92        AC  7     Str 21      XL: 9   Next: 35%
MP   4/4         EV 10     Int  6      God:
Gold 450         SH  0     Dex 15      Spells:  0 memorised,  8 levels left

rFire  . . .     SeeInvis .       - Unarmed
rCold  . . .     Clarity  .     a - +0 robe
rNeg   . . .     rCorr    .     (shield restricted)
rPois  .         rRot     .     (helmet restricted)
rElec  .         Spirit   .     g - +1 cloak
SustAb .         Warding  .     (gloves unavailable)
rMut   .         Stasis   .     (boots unavailable)
Gourm  +                        (no amulet)
MR     .....                    (no ring)
                                s - +1 ring of slaying

@: not resistant to hostile enchantments, unstealthy
A: unfitting armour, claws 3, fast metabolism 3, gourmand, regeneration 2,
saprovore 2, shaggy fur 1, tough skin 2
a: no special abilities


You were on level 8 of the Dungeon.
You were completely stuffed.

You visited 1 branch of the dungeon, and saw 8 of its levels.

You collected 450 gold pieces.

Inventory:

Armour
 a - a +0 robe (worn)
 g - a +1 cloak (worn)
Magical devices
 q - a wand of digging (12)
 E - a wand of frost (7)
 M - a wand of teleportation (7) {unknown}
Comestibles
 b - 6 meat rations
 f - a royal jelly
 j - a slice of pizza
 l - 8 bread rations
 v - a chunk of spriggan flesh
 D - 4 fruits
 J - a beef jerky
 R - a rotting chunk of hobgoblin flesh
Scrolls
 d - a scroll of fear {unknown}
 e - a scroll of noise {unknown}
 k - 3 scrolls of immolation
 n - a scroll of magic mapping
 o - 3 scrolls of remove curse {unknown}
 r - a scroll of fog
 u - a scroll of teleportation
 y - a scroll of random uselessness {unknown}
 A - a scroll of amnesia {unknown}
 H - 2 scrolls of identify
 I - a scroll of blinking {unknown}
 O - a scroll of acquirement {unknown}
 S - a scroll of recharging {unknown}
Jewellery
 s - a +1 ring of slaying (left claw)
Potions
 c - 6 potions of curing
 h - a potion of lignification
 i - 2 potions of restore abilities
 m - a potion of brilliance
 p - 3 potions of haste
 t - 3 potions of might
 w - a potion of cancellation
 x - a potion of heal wounds {unknown}
 B - a potion of confusion {unknown}
 C - a potion of beneficial mutation {unknown}
 G - a potion of magic {unknown}
 L - a potion of agility {unknown}
 N - a potion of invisibility {unknown}
Books
 z - a book of Hinderance

   Spells                             Type                      Level
   Confusing Touch                    Hexes                        2
   Confuse                            Hexes                        3
   Petrify                            Transmutation/Earth          4
   Leda's Liquefaction                Hexes/Earth                  4
   Metabolic Englaciation             Hexes/Ice                    5
   Summon Mana Viper                  Hexes/Summoning              5


   Skills:
 + Level 6.7 Fighting
 - Level 2.4 Dodging
 - Level 1.1 Stealth
 * Level 11.1 Unarmed Combat


You had 8 spell levels left.
You didn't know any spells.

Dungeon Overview and Level Annotations

Branches:
Dungeon (8/15)             Temple (0/1) D:5
   Lair: D:8-11

Altars:
Makhleb
Zin

Shops:
D:4 ?   D:5 %   D:6 ?   D:7 *


Innate Abilities, Weirdness & Mutations

You are too large for most types of armour.
You have claws for hands.
Your metabolism is lightning-fast.
You like to eat raw meat.
You heal very quickly.
You can eat rotten meat.
You are covered in fur (AC +1).
You have very tough skin (AC +2).


Message History

You kill the giant frog!
The hound bites you but does no damage. The shadow imp gestures at you.
Pain shoots through your body!
* * * LOW HITPOINT WARNING * * *
The hound bites you but does no damage.
Some of the chunks of flesh in your inventory have rotted away.
The orc priest mumbles some strange prayers to Beogh against you.
Something smites you!
* * * LOW HITPOINT WARNING * * *
The hound bites you but does no damage.
You see here 2 tomahawks.
The orc priest invokes the aid of Beogh against you.
Something smites you!
* * * LOW HITPOINT WARNING * * *
The hound bites you but does no damage.
You see here 15 stones.
The orc priest mumbles some strange prayers to Beogh against you.
Something smites you!
You die...

#.o.#
#oo##
#o.# #.o#
#(o# #.o#
#.5#
#.h##
#..@#
##..##
#<..####
###....##
##....#
###..#
##.# ###


You could see an orc warrior, a hound, an orc priest, a shadow imp and 5 orcs.

Vanquished Creatures
  Grinder (D:4)
  A spriggan (D:7)
  Eustachio (D:5)
  Edmund (D:6)
  An orc warrior (D:7)
  A phantom (D:4)
  3 ogres
  A centaur (D:5)
  Sigmund (D:5)
  A giant frog (D:8)
  Blork the orc (D:5)
  4 scorpions (D:7)
  4 hounds
  A centaur zombie (D:6)
  3 jellies (D:5)
  2 crimson imps (D:6)
  An orc priest (D:3)
  3 orc wizards
  A gnoll shaman (D:5)
  4 worker ants
  Natasha (thrice) (D:6)
  An ogre zombie (D:5)
  Ijyb (D:2)
  Jessica (D:3)
  A worker ant zombie (D:6)
  8 gnolls
  A green rat (D:5)
  5 giant mites
  2 shadow imps
  11 adders
  3 worms
  2 goliath beetle zombies (D:5)
  An iguana skeleton (D:7)
  2 orc zombies
  3 giant geckos
  2 oozes (D:1)
  19 orcs
  4 giant cockroaches
  15 goblins
  9 hobgoblins
  15 jackals
  20 bats
  5 giant newts
  14 kobolds
  4 quokkas
  A quokka zombie (D:5)
  7 rats
  A rat skeleton (D:6)
197 creatures vanquished.

Notes
Turn   | Place    | Note
--------------------------------------------------------------
     0 | D:1      | PolkaDot, the Troll Monk, began the quest for the Orb.
     0 | D:1      | Reached XP level 1. HP: 22/22 MP: 1/1
   225 | D:1      | Reached XP level 2. HP: 29/29 MP: 1/1
   685 | D:2      | Reached XP level 3. HP: 33/36 MP: 2/2
   907 | D:2      | Noticed Ijyb
   916 | D:2      | Killed Ijyb
  1007 | D:2      | Reached skill level 5 in Unarmed Combat
  1239 | D:2      | Reached XP level 4. HP: 45/45 MP: 2/2
  1905 | D:3      | Reached XP level 5. HP: 28/53 MP: 2/2
  2146 | D:3      | Reached skill level 6 in Unarmed Combat
  2228 | D:3      | Noticed Jessica
  2233 | D:3      | Killed Jessica
  2295 | D:3      | Found a burning altar of Makhleb.
  2343 | D:3      | Reached XP level 6. HP: 62/62 MP: 3/3
  2633 | D:4      | Reached skill level 7 in Unarmed Combat
  2741 | D:4      | Reached XP level 7. HP: 44/70 MP: 3/3
  2884 | D:4      | Noticed Grinder
  2891 | D:4      | Paralysed by Grinder for 3 turns
  2902 | D:4      | Killed Grinder
  2902 | D:4      | Reached skill level 8 in Unarmed Combat
  2922 | D:4      | Reached skill level 5 in Fighting
  3178 | D:4      | Found Xeamnah's Magic Scroll Shoppe.
  3733 | D:5      | Entered Level 5 of the Dungeon
  3754 | D:5      | Reached XP level 8. HP: 80/80 MP: 3/3
  3845 | D:5      | Found Lastrea Maasa's Food Shop.
  3853 | D:5      | Found a staircase to the Ecumenical Temple.
  4023 | D:5      | Noticed Eustachio
  4049 | D:5      | Killed Eustachio
  4049 | D:5      | Reached skill level 9 in Unarmed Combat
  4071 | D:5      | Noticed Sigmund
  4090 | D:5      | Killed Sigmund
  4440 | D:5      | Noticed Blork the orc
  4445 | D:5      | Killed Blork the orc
  4724 | D:6      | Noticed Edmund
  4737 | D:6      | Killed Edmund
  4737 | D:6      | Reached skill level 10 in Unarmed Combat
  4952 | D:6      | Noticed Natasha
  4959 | D:6      | Killed Natasha
  5018 | D:6      | Noticed Natasha
  5034 | D:6      | Killed Natasha
  5034 | D:6      | Reached XP level 9. HP: 86/89 MP: 4/4
  5042 | D:6      | Noticed Natasha
  5046 | D:6      | Killed Natasha
  5067 | D:6      | Found Mujocwij's Magic Scroll Shop.
  5419 | D:7      | Found Zin's Purification Station.
  5422 | D:7      | Found a glowing silver altar of Zin.
  5626 | D:7      | Found a glowing silver altar of Zin.
  5721 | D:7      | Reached skill level 11 in Unarmed Combat
  5955 | D:8      | Killed from afar by an orc priest

Action                   |  1- 3 |  4- 6 |  7- 9 || total
-------------------------+-------+-------+-------++-------
Melee: Unarmed           |    96 |   137 |   287 ||   520
Evoke: Wand              |       |       |     2 ||     2
  Use: Scroll            |       |    10 |     2 ||    12
 Stab: Sleeping          |       |     1 |     1 ||     2
       Held in net/web   |       |       |     2 ||     2
  Eat: Chunk             |    14 |    16 |    30 ||    60
